 Dungeon Crawl Stone Soup version 0.29.1-14-g9c671dbff4 (webtiles) character file.

Game seed: 10144838114926036911

124 Thatpatchoflichen the Ducker (level 5, -2/41 HPs)
             Began as a Human Gladiator on Feb 13, 2023.
             Killed from afar by Natasha (4 damage)
             ... with a magic dart
             ... on level 2 of the Dungeon.
             The game lasted 00:03:16 (1909 turns).

Thatpatchoflichen the Ducker (Human Gladiator)      Turns: 1909, Time: 00:03:16

Health: -2/41      AC:  6    Str: 14    XL:     5   Next: 30%
Magic:  5/5        EV: 12    Int:  9    God:
Gold:   52         SH:  0    Dex: 16    Spells: 4/4 levels left

rFire   . . .      SeeInvis .   a - +0 long sword
rCold   . . .      Faith    .   (no shield)
rNeg    . . .      Spirit   .   h - +0 ring mail
rPois   .          Reflect  .   c - +0 helmet
rElec   .          Harm     .   f - scarf {shadows}
rCorr   .          Rampage  .   (no gloves)
Will    .....                   (no boots)
Stlth   +.........              (no amulet)
HPRegen 0.13/turn               (no ring)
MPRegen 0.09/turn               (no ring)

@: slowed, very slow
A: no striking features
a: no special abilities


You were on level 2 of the Dungeon.
You visited 1 branch of the dungeon, and saw 2 of its levels.

You collected 52 gold pieces.

Inventory:

Hand Weapons
 a - a +0 long sword (weapon)
Missiles
 d - 3 throwing nets (quivered)
 e - 5 javelins
Armour
 b - a +0 leather armour
 c - a +0 helmet (worn)
 f - a scarf of shadows (worn)
 g - a +0 chain mail
 h - a +0 ring mail (worn)
Jewellery
 i - a ring of magical power
 l - an amulet of the acrobat
Scrolls
 j - a scroll of amnesia {unknown}
 m - a scroll of identify {unknown}
 o - a scroll of vulnerability {unknown}
Potions
 k - a potion of haste {unknown}
 n - a potion of invisibility {unknown}


   Skills:
 + Level 3.5 Fighting
 - Level 3.0 Long Blades
 - Level 2.0 Throwing
 + Level 2.2 Armour
 - Level 4.0 Dodging


You had 4 spell levels left.
You didn't know any spells.
Your spell library was empty.

Dungeon Overview and Level Annotations

Branches:
Dungeon (2/15)

Altars:

Shops:
D:1 ?   D:2 ?

Annotations:
D:2 Natasha


Message History

The gnoll hits you but does no damage.
You closely miss the gnoll.
The gnoll is heavily wounded.
Natasha, Servant of Life and Death comes into view.
The gnoll barely misses you.
Natasha moves out of view.
You hit the gnoll but do no damage.
The gnoll is heavily wounded.
The gnoll misses you. x2
You slash the gnoll!
You kill the gnoll!
You start resting.
Natasha is nearby!
Natasha howls an incantation.
Natasha glows brightly for a moment.
Natasha claws you.
* * * LOW HITPOINT WARNING * * *
You miss Natasha. Natasha claws you but does no damage.
You closely miss Natasha.
Natasha casts a spell. x2
You slash Natasha!
Natasha is severely wounded.
The crimson imp barely misses you. Natasha claws you.
* * * LOW HITPOINT WARNING * * *
You hit Natasha.
Natasha is almost dead.
Natasha barely misses you.
The crimson imp hits you but does no damage.
You barely miss Natasha.
Natasha is almost dead.
Natasha barely misses you.
The crimson imp hits you but does no damage.
You closely miss Natasha.
Natasha is almost dead.
The crimson imp blinks!
Natasha casts a spell at you.
You feel yourself slow down.
The crimson imp hits you but does no damage.
Natasha casts a spell at you. The magic dart hits you.
You die...

#.# #.# #..###### #.#
#.# #.......# #.# #g#
##.####.# #.# #†# #.#
#.# #.# #.# #.#
#.####.### ##.##
####.########.##
#.........
#...###......h..§....#
######.###
...:..#.##.)####h###.###
#.### #...#.#.##..#.[5@#
#...# #....
##)##.#.##..#.##.###.#.#
#####
.)†...g.....#.##.....#.#
.#.##.#.##h##.####.###.#
...##.#.##....# #.# #.#
..............# #.# #.#
.####.#.####.## #.# #.#
## #.#.# #.# #.# #.# #
#.... ... ..# #.###


You could see Natasha and a crimson imp (summoned).

Vanquished Creatures
  Natasha (D:2)
  4 gnolls (D:2)
  2 worms (D:2)
  A dart slug (D:1)
  8 bats
  4 endoplasms
  2 giant cockroaches
  7 goblins
  7 hobgoblins
  4 jackals (D:2)
  3 kobolds (D:2)
  A quokka (D:2)
  2 ball pythons
  A frilled lizard (D:2)
  4 rats
51 creatures vanquished.

Notes
Turn   | Place    | Note
-------+----------+-------------------------------------------
     0 | D:1      | Thatpatchoflichen the Human Gladiator began the quest for
                  | the Orb.
     0 | D:1      | Reached XP level 1. HP: 16/16 MP: 1/1
    34 | D:1      | Found a faded altar of an unknown god.
    37 | D:1      | Reached XP level 2. HP: 20/22 MP: 2/2
   496 | D:1      | Found Nuojeduw's Magic Scroll Shop.
   569 | D:1      | Reached XP level 3. HP: 21/28 MP: 3/3
   586 | D:1      | Reached skill level 1 in Armour
  1475 | D:2      | Reached XP level 4. HP: 30/34 MP: 4/4
  1522 | D:2      | Found Ruvojic's Magic Scroll Shoppe.
  1835 | D:2      | Noticed Natasha
  1845 | D:2      | Killed Natasha
  1849 | D:2      | Reached skill level 4 in Dodging
  1849 | D:2      | Reached XP level 5. HP: 23/41 MP: 5/5
  1889 | D:2      | Noticed Natasha
  1903 | D:2      | HP: 2/41 [Natasha (4)]
  1909 | D:2      | Killed from afar by Natasha

Illustrated notes

Levels and vault maps discovered:
D:1:      eino_arrival_water_star, layout_basic, serial_shops, shop,
          hellmonk_ecumenical_altar_blasted
D:2:      layout_loops_ring, serial_shops, nicolae_square_shop, uniq_natasha,
          uniq_terence

Skill      XL: |  1  2  3  4 |
---------------+-------------+-----
Armour         | 1 2 |  2.2
Fighting       | 3 |  3.5
Dodging        | 4 |  4.0
Long Blades    | |  3.0
Throwing       | |  2.0

Action                   |  1- 3 |  4- 6 || total
-------------------------+-------+-------++-------
Melee: Long sword        |    91 |    70 ||   161
Armor: Leather armour    |     1 |       ||     1
       Ring mail         |    69 |    36 ||   105
Dodge: Dodged            |   113 |    58 ||   171
